AoeStats
← cafikjosef

Hideout

509303628Analyzed
1v1 RM · 6d ago on Sep 26, 2026· 33m 54s· 2 players
Game mode
Random Map
Map size
Tiny (2 player)
Population
200
Speed
Normal
Resources
Standard
Victory
Conquest
Starting age
Dark Age
Ending age
Imperial Age
RankedLock teamsTeams togetherTeam positionsShared explorationLock speedFull tech treeHidden civsTurbo modeCheats
Victory
Defeat
🇩🇪 Vietnamese · Germany
850
+17
🇨🇿 Huns · Czechia
865
-17
LeitW0LF
10:12 Feudal Age
11:21 Double-Bit Axe
11:32 Horse Collar
15:48 Fletching
16:07 Arson
18:45 Wheelbarrow
23:19 Castle Age
20:41 Man-at-Arms
22:29 Forging
23:57 Scale Mail Armor
23:25 Crossbowman
24:18 Thumb Ring
24:40 Pikeman
26:35 Long Swordsman
28:45 Iron Casting
28:05 Bodkin Arrow
28:28 Chain Mail Armor
28:48 Heavy Plow
28:40 Gold Mining
30:24 Bow Saw
33:34 Hand Cart
34:33 Padded Archer Armor
cafikjosef
6:21 Loom
9:41 Feudal Age
10:11 Double-Bit Axe
10:09 Horse Collar
12:48 Gold Mining
18:16 Fletching
22:00 Castle Age
20:39 Scale Barding Armor
21:32 Wheelbarrow
20:43 Town Watch
26:00 Husbandry
26:32 Bloodlines
27:13 Forging
29:39 Heavy Plow
33:03 Wheelbarrow
Connection lost

Rejoining the realm…

Still unreachable

The connection could not be restored.

Session expired

The server has moved on; the page needs a fresh start.